 Dungeon Crawl Stone Soup: Circus Animals version v1.3.0-269-g8eee7be (webtiles) character file.

5485 MuMo the Spear-Bearer (level 12, -6/155 HPs) *STANDARD*
             Began as a Demonspawn Fighter on Apr 23, 2016.
             Was a Priest of Yredelemnul.
             Mangled by an 11-headed hydra (14 damage)
             ... on level 11 of the Dungeon.
             The game lasted 00:34:53 (15128 turns).

MuMo the Spear-Bearer (Demonspawn Fighter)         Turns: 15128, Time: 00:34:54

Health: -6/155     AC:  9    Str: 20    XL:     12   Next: 58%
Magic:  30/30      EV: 19    Int: 23    God:    Yredelemnul [***...]
Gold:   811        SH:  0    Dex: 16    Spells: 2 memorised, 6 levels left

rFire  . . .     SeeInvis .     q - +12 Glaive of Prune {chop}
rCold  + . .     Gourm    .     y - +2 leather armour of Supple Strength {Int+6}
rNeg   . . .     Faith    .     (shield currently unavailable)
rPois  .         Spirit   .     r - +0 hat of Xinem Wocvi {*Corrode MR+ Int+5}
rElec  .         Dismiss  .     (no cloak)
rCorr  .         Reflect  .     e - +0 pair of gloves
SustAt .         Harm     .     f - +1 pair of boots
MR     +....                    (no amulet)
Stlth  ++........               d - +4 ring of dexterity
                                l - ring of wizardry

@: slow, somewhat resistant to hostile enchantments, unstealthy
A: antennae 2, repulsion field 1, cold resistance 1, sense surroundings 1,
robust 1
a: Recall Undead Slaves, Injury Mirror, Animate Dead, Renounce Religion


You were on level 11 of the Dungeon.
You worshipped Yredelemnul.
Yredelemnul was most pleased with you.
You were not hungry.

You visited 1 branch of the dungeon, and saw 11 of its levels.
You also visited: Labyrinth and Ossuary.

You collected 1435 gold pieces.
You spent 624 gold pieces at shops.

Inventory:

Hand Weapons
 q - the +12 Glaive of Prune (weapon) {chop}
   (You found it on level 10 of the Dungeon)

   It inflicts extra damage upon your enemies.
Armour
 e - a +0 pair of gloves (worn)
 f - a +1 pair of boots (worn)
 g - a +0 hat
 i - a +2 robe of positive energy
 k - a +3 leather armour of poison resistance
 r - the +0 hat of Xinem Wocvi (worn) {*Corrode MR+ Int+5}
   (You acquired it on level 10 of the Dungeon)

   It affects your intelligence (+5).
   It affects your resistance to hostile enchantments.
   It may corrode you when you take damage.
 t - the +0 robe of the Great Game {*Confuse rC+++ Dex+4}
   (You found it on level 8 of the Dungeon)

   It affects your dexterity (+4).
   It renders you almost immune to cold.
   It may confuse you when you take damage.
 y - the +2 leather armour of Supple Strength (worn) {Int+6}
   (You found it in a labyrinth)

   It affects your intelligence (+6).
Jewellery
 c - an uncursed ring of protection from cold
 d - a +4 ring of dexterity (right hand)
 l - a ring of wizardry (left hand)
 m - an uncursed ring of see invisible
 o - an uncursed ring of fire
 x - an uncursed amulet of dismissal {unknown}
Wands
 a - a wand of flame (61/144)
 b - a wand of disintegration (0/24)
 h - a wand of lightning (6/15)
 j - a wand of digging (3/24)
 n - a wand of heal wounds (4/9)
 p - a wand of random effects (11/48)
 s - a wand of iceblast (6/15)
 w - a wand of acid (10/15)
Scrolls
 c - 3 scrolls of fear
 d - 5 scrolls of amnesia
 f - 3 scrolls of teleportation
 h - 6 scrolls of magic mapping
 i - 2 scrolls of vulnerability
 l - 5 scrolls of immolation
 n - 3 scrolls of fog
 p - a scroll of noise
 q - a scroll of enchant armour
 t - a scroll of recharging {unknown}
 x - a scroll of remove curse {unknown}
Potions
 a - a potion of might
 e - 3 potions of invisibility
 j - 3 potions of haste
 m - a potion of brilliance {unknown}
 o - 4 potions of curing
 r - 5 potions of degeneration
 s - a potion of ambrosia
 z - 2 potions of flight {unknown}
 A - a potion of cancellation {unknown}
 D - a potion of mutation {unknown}
Books
 b - a book of Spatial Translocations

   Spells                             Type                      Level
   a - Apportation                    Translocation                1
   b - Blink                          Translocation                2
   c - Shroud of Golubria             Charms/Translocation         2
   d - Portal Projectile              Translocation                3
   e - Teleport Other                 Translocation                3
   f - Passage of Golubria            Translocation                4
 g - an Akashic Record

   Spells                             Type                      Level
   a - Dispersal                      Translocation                6
   b - Malign Gateway                 Summoning/Translocation      7
   c - Disjunction                    Translocation                8
   d - Controlled Blink               Translocation                8
 u - a book of Fire

   Spells                             Type                      Level
   a - Ignite Poison                  Fire/Transmutation/Poison    3
   b - Fireball                       Conjuration/Fire             5
   c - Bolt of Fire                   Conjuration/Fire             6
   d - Delayed Fireball               Conjuration/Fire             7
   e - Ring of Flames                 Charms/Fire                  7
 w - a book of Conjurations

   Spells                             Type                      Level
   a - Magic Dart                     Conjuration                  1
   b - Searing Ray                    Conjuration                  2
   c - Dazzling Spray                 Conjuration/Hexes            3
   d - Fulminant Prism                Conjuration/Hexes            4
   e - Iskenderun's Mystic Blast      Conjuration                  4
   f - Iskenderun's Battlesphere      Conjuration/Charms           5
 y - a book of Party Tricks

   Spells                             Type                      Level
   a - Summon Butterflies             Summoning                    1
   b - Apportation                    Translocation                1
   c - Tukima's Dance                 Hexes                        3
   d - Alistair's Intoxication        Transmutation/Poison         5
   e - Invisibility                   Hexes                        6
 E - a book of Callings

   Spells                             Type                      Level
   a - Summon Small Mammal            Summoning                    1
   b - Call Imp                       Summoning                    2
   c - Call Canine Familiar           Summoning                    3
   d - Summon Guardian Golem          Hexes/Summoning              3
   e - Summon Ice Beast               Ice/Summoning                4
   f - Summon Lightning Spire         Summoning/Air                5
Miscellaneous
 u - a plain deck of war
 v - a plain deck of escape
Comestibles
 k - 3 bread rations
 v - 6 fruits
 B - 2 beef jerkies
 C - 7 slices of pizza


   Skills:
 - Level 7.0 Fighting
   Level 6.8 Long Blades
 * Level 9.5 Polearms
 - Level 6.4 Armour
 - Level 7.8 Dodging
 - Level 2.4 Stealth
   Level 6.6 Shields
 - Level 2.1 Spellcasting
 - Level 7.1 Conjurations
 + Level 3.1 Fire Magic
 + Level 5.3 Invocations
 - Level 0.2 Evocations


You had 6 spell levels left.
You knew the following spells:

 Your Spells              Type           Power        Failure   Level  Hunger
a - Bolt of Fire          Conj/Fire      #.........   63%         6    #######
b - Dazzling Spray        Conj/Hex       #.........   21%         3    ###....


Dungeon Overview and Level Annotations

Branches:
Dungeon (11/15)            Temple (0/1) D:6            Lair (0/8) D:11
    Orc (0/4) D:10

Altars:
Cheibriados
Dithmenos
Gozag
Nemelex Xobeh
Pakellas
Ru
Trog
Xom
Yredelemnul
The Shining One

Shops:
D:7 *   D:10 }

Annotations:
D:8 chequers's ghost, amateur MiBe


Innate Abilities, Weirdness & Mutations

You have a pair of antennae on your head.
You are surrounded by a mild repulsion field (EV +2).
Your flesh is cold resistant.
You passively map a small area around you.
You are robust (+10% HP).


Message History

Unknown command.
Unknown command.
Unknown command.
Read which item? (? for menu, Esc to quit)
As you read the scroll labeled QAERUMIOKEJ, it crumbles to dust.
It is a scroll of enchant armour.
Enchant which item? (? for menu, Esc to quit)
Your +0 pair of boots glows green for a moment.
The 11-headed hydra bites you (2).
* * * LOW HITPOINT WARNING * * *
The 11-headed hydra bites you but does no damage.
The 11-headed hydra misses you. The 11-headed hydra bites you (1).
* * * LOW HITPOINT WARNING * * *
The 11-headed hydra closely misses you.
The 11-headed hydra bites you but does no damage.
The 11-headed hydra bites you (12)!
* * * LOW HITPOINT WARNING * * *
The 11-headed hydra bites you (14)!
You die...
Your body rises from the dead as a mindless zombie.

####### #.....# #######.###.#
#######.........#.######
#.............#........#
#.#####.####......####.#
#.#####..##.....### #.#
#.#.......D@......# #.##
#.#..##..##.....#.####..#### ###
#...........................
..######................####.####
..........##.Y####.#.#..# #.#
..#.####.####......#.#..## #.#
###.# #.# #............###.# #.#
#.# #..#####.......#.# #.# #.#
#..#***####..#.#.#


You could see a 11-headed hydra and an ice beast (wandering).

Vanquished Creatures
  A minotaur (Lab)
  Erolcha (D:10)
  A tengu warrior (D:8)
  3 hill giants
  2 unseen horrors
  Pikel (D:5)
  2 cyclopes (D:8)
  2 ugly things
  A manticore (D:8)
  The ghost of MuMo the Shield-Bearer, a novice DjFi of Okawaru (D:4)
  2 komodo dragons (D:11)
  A two-headed ogre (D:10)
  A wraith (D:10)
  A human (D:8)
  2 hippogriffs
  A vampire mosquito (D:10)
  Edmund (D:6)
  A soldier ant (D:10)
  2 orc warriors
  3 sky beasts
  A necrophage (D:10)
  6 ice beasts
  The ghost of chequers the Poker, an amateur MfGl of Makhleb (D:3)
  An eye of draining (D:8)
  5 phantoms
  3 ogres
  2 centaurs
  A crocodile (D:9)
  5 giant frogs
  A wyvern zombie (D:7)
  2 wyvern skeletons
  14 scorpions
  5 wights (D:10)
  7 killer bees
  6 howler monkeys
  An electric eel (D:8)
  2 crimson imps
  A centaur zombie (D:11)
  A giant frog zombie (D:10)
  A human zombie (Ossuary)
  4 jellies
  7 orc priests
  4 hounds
  16 orc wizards
  A centaur skeleton (D:8)
  A giant frog skeleton (D:11)
  4 iguanas
  9 worker ants
  A killer bee zombie (D:6)
  4 sheep (D:8)
  2 big kobold zombies (Ossuary)
  A hound zombie (D:8)
  A hound skeleton (D:4)
  4 mummies
  A howler monkey zombie (D:9)
  A worker ant zombie (D:8)
  17 adders
  7 gnolls
  6 scorpion zombies (Ossuary)
  4 shadow imps
  An ooze (D:1)
  2 adder zombies
  An adder skeleton (D:6)
  3 worms
  A dart slug (D:5)
  5 giant geckos
  35 orcs
  6 giant cockroaches
  5 goblins
  8 hobgoblins
  3 jackals (D:1)
  6 kobolds
  6 quokkas
  A ball python (D:1)
  12 bats
  2 giant gecko skeletons
  7 giant newts
  A gnoll zombie (Ossuary)
  A goblin zombie (Ossuary)
  2 hobgoblin zombies (Ossuary)
  A jackal zombie (D:7)
  2 orc zombies (Ossuary)
  5 rats
307 creatures vanquished.

Vanquished Creatures (others)
  A vampire mosquito (D:10)
  A slave (D:5)
  A centaur (D:8)
  A crimson imp (D:5)
  A centaur zombie (Ossuary)
  A mummy (D:8)
  A scorpion zombie (D:9)
  An ooze (D:5)
  An orc zombie (D:9)
  An orc (D:5)
  13 fungi (D:9)
23 creatures vanquished.

Grand Total: 330 creatures vanquished

Notes
Turn   | Place    | Note
--------------------------------------------------------------
     0 | D:1      | MuMo the Demonspawn Fighter began the quest for the Orb.
     0 | D:1      | Reached XP level 1. HP: 30/30 MP: 9/9
   235 | D:1      | Gained mutation: Your flesh is cold resistant. [demonic ancestry]
   235 | D:1      | Reached XP level 2. HP: 39/39 MP: 10/10
   655 | D:1      | Reached XP level 3. HP: 44/47 MP: 12/12
  1034 | D:2      | Reached skill level 1 in Dodging
  1034 | D:2      | Reached XP level 4. HP: 52/56 MP: 13/13
  1186 | D:2      | Found a basalt altar of Yredelemnul.
  1245 | D:2      | Found a glowing golden altar of the Shining One.
  1552 | D:3      | Noticed chequers's ghost (amateur MfGl)
  1883 | D:2      | Became a worshipper of Yredelemnul the Dark
  2198 | D:3      | Gained mutation: You have a pair of small antennae on your head. [demonic ancestry]
  2198 | D:3      | Reached XP level 5. HP: 28/66 MP: 15/15
  2462 | D:4      | Found a shadowy altar of Dithmenos.
  2475 | D:4      | Noticed a phantom
  2480 | D:4      | Found a sand-covered staircase.
  2497 | Ossuary  | Entered an ossuary
  2856 | Ossuary  | Gained mutation: You have a pair of antennae on your head. [demonic ancestry]
  2856 | Ossuary  | Reached XP level 6. HP: 54/75 MP: 16/16
  3198 | Ossuary  | Gained mutation: You are surrounded by a mild repulsion field (EV +2). [demonic ancestry]
  3198 | Ossuary  | Reached XP level 7. HP: 43/83 MP: 18/18
  4133 | D:4      | Reached skill level 1 in Stealth
  4133 | D:4      | Reached XP level 8. HP: 94/96 MP: 19/19
  4192 | D:4      | Noticed MuMo's ghost (novice DjFi)
  4247 | D:4      | Killed MuMo's ghost
  4247 | D:4      | Reached skill level 5 in Fighting
  4247 | D:4      | Reached skill level 5 in Armour
  4247 | D:4      | Reached skill level 5 in Shields
  4572 | D:4      | Found a snail-covered altar of Cheibriados.
  5105 | D:5      | Entered Level 5 of the Dungeon
  5242 | D:5      | Found an oddly glowing altar of Pakellas.
  5374 | D:5      | Noticed Pikel
  5416 | D:5      | Killed Pikel
  5416 | D:5      | Reached skill level 5 in Long Blades
  5416 | D:5      | Reached XP level 9. HP: 35/108 MP: 21/21
  5538 | D:5      | Reached skill level 5 in Dodging
  5801 | D:5      | Reached * piety under Yredelemnul
  5940 | D:6      | Noticed Edmund
  5979 | D:6      | Killed Edmund
  6358 | D:6      | Found a staircase to the Ecumenical Temple.
  7102 | D:3      | Gained mutation: You passively map a small area around you. [potion of beneficial mutation]
  7116 | D:3      | Killed chequers's ghost
  7275 | D:3      | Found a shadowy altar of Dithmenos.
  7302 | D:3      | Found a faded altar to an unknown god.
  7308 | D:3      | Reached XP level 10. HP: 119/119 MP: 22/22
  7611 | D:7      | Reached ** piety under Yredelemnul
  7753 | D:7      | HP: 5/120 [something (19)]
  7753 | D:7      | HP: 2/120 [orc priest/flail of venom (3)]
  8109 | D:7      | Learned a level 6 spell: Bolt of Fire
  8455 | D:7      | Found an opulent altar of Gozag.
  8458 | D:7      | Found Gozag's Platinum Reserve.
  8607 | D:7      | Reached skill level 1 in Spellcasting
  8607 | D:7      | Reached skill level 1 in Conjurations
  9104 | D:7      | Reached skill level 1 in Fire Magic
  9144 | D:7      | Gained mutation: You are robust (+10% HP). [potion of beneficial mutation]
  9267 | D:8      | Noticed chequers's ghost (amateur MiBe)
  9577 | D:8      | Noticed a cyclops
  9577 | D:8      | Noticed a hill giant
  9578 | D:8      | Noticed a cyclops
  9580 | D:8      | Noticed a red ugly thing
  9960 | D:9      | Got a scorched trident {venom}
  9961 | D:9      | Identified the +2 trident "Qirek Rahi" {venom, rElec rC+++ Str+2 Int-2 Dex-5} (You took it off an orc on level 9 of the Dungeon)
 10147 | D:9      | Found a shimmering altar of Xom.
 10700 | D:9      | Reached skill level 1 in Invocations
 10785 | D:9      | Reached *** piety under Yredelemnul
 11417 | D:9      | Learned a level 3 spell: Dazzling Spray
 11485 | D:10     | Entered Level 10 of the Dungeon
 11682 | D:10     | Reached XP level 11. HP: 140/140 MP: 28/28
 11696 | D:10     | Found a staircase to the Orcish Mines.
 11750 | D:10     | Identified a scroll of acquirement
 11754 | D:10     | Got an ichor-stained hat
 11765 | D:10     | Identified the +0 hat of Xinem Wocvi {*Corrode MR+ Int+5} (You acquired it on level 10 of the Dungeon)
 11788 | D:10     | Reached skill level 1 in Polearms
 11805 | D:10     | Killed a red ugly thing
 11805 | D:10     | Reached skill level 2 in Polearms
 12047 | D:10     | Killed an unseen horror
 12047 | D:10     | Reached skill level 3 in Polearms
 12116 | D:10     | Noticed a hill giant
 12125 | D:10     | Killed a hill giant
 12125 | D:10     | Reached skill level 4 in Polearms
 12371 | D:10     | Noticed a hill giant
 12386 | D:10     | Killed a hill giant
 12386 | D:10     | Reached skill level 5 in Polearms
 12386 | D:10     | Reached skill level 5 in Conjurations
 12543 | D:10     | Found Zatsedol's Gadget Emporium.
 12548 | D:10     | Bought a wand of heal wounds (4/9) for 624 gold pieces
 12640 | D:10     | Noticed Erolcha
 12652 | D:10     | Killed Erolcha
 12652 | D:10     | Reached skill level 6 in Polearms
 13032 | D:8      | Got a distressingly furry robe
 13066 | D:8      | Found a sacrificial altar of Ru.
 13080 | D:8      | Found a sparkling altar of Nemelex Xobeh.
 13082 | D:8      | Found a bloodstained altar of Trog.
 13093 | D:8      | Identified the +0 robe of the Great Game {*Confuse rC+++ Dex+4} (You found it on level 8 of the Dungeon)
 13410 | D:8      | Noticed a tengu warrior
 13444 | D:8      | Reached skill level 7 in Polearms
 13454 | D:8      | Killed a hill giant
 13455 | D:8      | Reached XP level 12. HP: 134/153 MP: 26/30
 13465 | D:8      | Received a gift from Yredelemnul
 13472 | D:8      | Killed a tengu warrior
 13472 | D:8      | Reached skill level 8 in Polearms
 13793 | D:11     | Found a labyrinth entrance.
 13802 | Lab      | Entered a labyrinth
 14579 | Lab      | Noticed a minotaur
 14589 | Lab      | Killed a minotaur
 14598 | Lab      | Got an ichor-stained leather armour
 14609 | Lab      | Identified the +2 leather armour of Supple Strength {Int+6} (You found it in a labyrinth)
 14725 | D:11     | Reached skill level 9 in Polearms
 14931 | D:11     | Found a staircase to the Lair.
 14946 | D:11     | Reached skill level 5 in Invocations
 15121 | D:11     | Noticed a six-headed hydra
 15128 | D:11     | Mangled by an 11-headed hydra

Skill      XL: |  1  2  3  4  5  6  7  8  9 10 11 12 |
---------------+-------------------------------------+-----
Long Blades    | 2 3 4 5 6 |  6.8
Armour         | 3 4 6 |  6.4
Shields        | 3 4 6 |  6.6
Dodging        | 1 2 3 4 6 7 |  7.8
Fighting       | 3 4 5 6 7 |  7.0
Stealth        | 1 2 |  2.4
Spellcasting   | 2 |  2.1
Conjurations   | 3 6 7 |  7.1
Fire Magic     | 2 3 |  3.1
Invocations    | 2 5 |  5.3
Polearms       | 7 9 |  9.5
Evocations     | |  0.2

Action                   |  1- 3 |  4- 6 |  7- 9 | 10-12 || total
-------------------------+-------+-------+-------+-------++-------
Melee: Long sword        |    97 |   280 |   522 |   590 ||  1489
       Dagger            |       |       |       |    10 ||    10
       Glaive            |       |       |       |   219 ||   219
 Cast: Dazzling Spray    |       |       |       |     1 ||     1
Invok: Animate Dead      |       |       |       |     1 ||     1
Evoke: Wand              |       |       |       |    10 ||    10
  Use: Scroll            |       |     3 |       |    10 ||    13
       Potion            |       |       |    11 |     5 ||    16
 Stab: Sleeping          |       |       |     3 |    12 ||    15
       Distracted        |       |       |       |     3 ||     3
       Invisible         |       |       |       |     4 ||     4
Armor: Scale mail        |    68 |   140 |   118 |       ||   326
       Leather armour    |       |       |    92 |   211 ||   303
       Robe              |       |       |    12 |       ||    12
Dodge: Dodged            |    29 |    98 |   250 |   810 ||  1187
Block: Shield            |    57 |   164 |   309 |    48 ||   578
       Buckler           |       |       |       |   202 ||   202
